[Event "*** Titled Tuesday 3|2 Blitz"]
[Site "Chess.com"]
[Date "2016.02.02"]
[Round "6"]
[White "Er_is_geen_hoop_meer"]
[Black "Sawyer2908"]
[Result "0-1"]
[WhiteElo "2293"]
[BlackElo "2281"]
[TimeControl "180+2"]
[EndTime "12:18:36 PST"]
[Termination "Sawyer2908 won by checkmate"]

1. d4 Nf6 2. c4 e6 3. Nc3 Bb4 4. Qc2 O-O 5. Nf3 d6 6. Bd2 Nbd7 7. a3 Bxc3 8. Bxc3 b6 9. e4 Bb7 10. Bd3 h6 11. O-O-O c5 12. d5 e5 13. Rdg1 Nh5 14. g3 Rc8 15. Nh4 g6 16. f4 exf4 17. e5 Nxe5 18. Bxe5 dxe5 19. Bxg6 fxg6 20. Qxg6+ Ng7 21.
gxf4 Qf6 22. Qxf6 Rxf6 23. fxe5 Rf4 24. Ng6 Rxc4+ 25. Kb1 Re8 26. Rd1 Rd4 27. Rxd4 cxd4 28. Rd1 Bxd5 29. Rxd4 Be6 30. Kc1 Bf5 31. Nf4 Rxe5 32.
Rd8+ Kh7 33. Nd5 Re6 34. Kd2 h5 35. b4 Be4 36. Nf4 Rf6 37. Ke3 Bc6 38. Rc8 Nf5+ 39. Kd2 Rd6+ 40. Kc3 Be4 41. Rc7+ Kh6 42. Rxa7 Kg5 43. Ne2 Rd3+ 44. Kc4 Nd6# 0-1

[Event "*** Titled Tuesday 3|2 Blitz"]
[Site "Chess.com"]
[Date "2016.02.02"]
[Round "6"]
[White "stefanodinn"]
[Black "Rating-Schmating"]
[Result "1-0"]
[WhiteElo "2134"]
[BlackElo "2144"]
[TimeControl "180+2"]
[EndTime "12:18:40 PST"]
[Termination "stefanodinn won by checkmate"]

1. e4 e6 2. d4 d5 3. Nd2 a6 4. c3 Nf6 5. e5 Nfd7 6. Bd3 c5 7. Ne2 Nc6 8. O-O Be7 9. Kh1 b5 10. f4 Bb7 11. f5 Qc7 12. fxe6 fxe6 13. Nf4 Nf8 14. Qh5+ Kd8 15. Nf3 Qd7 16. Be3 c4 17.
Bc2 Kc7 18. b3 g6 19. Qh3 h5 20. bxc4 bxc4 21. Nxg6 Nxg6 22. Bxg6 Raf8 23. Ng5 Nd8 24. Nf7 Nxf7 25. Bxf7 Bc8 26. Bg6 h4 27. Bc2 Rfg8 28. Rf7 Qe8 29. Raf1 Kd8 30. Qf3 Bd7 31. Bc1 Rf8 32. Bg6 Rxf7 33. Bxf7 Qf8 34. Bg6 Qg7 35. Bc2 Rf8 36. Qd1 Rg8 37. Qe2 Be8 38. Bf4 Bh5 39. Qf2 Bf7 40. Qd2 Be8 41. Bd1 Bg6 42. Bf3 Bf5 43. a4 h3 44. g3 Ke8 45. Ra1 Kf7 46. Rf1 Ke8 47. Bh5+ Kd8 48. Bf3 Qg6 49. Qb2 Ke8 50.
Qb7 Be4 51. Qc8+ Kf7 52. Qd7 Bxf3+ 53. Rxf3 Qb1+ 54. Bc1+ Kg7 55. Qxe7+ Kh8 56. Qh4+ Kg7 57. Qh6# 1-0

[Event "*** Titled Tuesday 3|2 Blitz"]
[Site "Chess.com"]
[Date "2016.02.02"]
[Round "6"]
[White "IMRosen"]
[Black "Mornar1951"]
[Result "1-0"]
[WhiteElo "2277"]
[BlackElo "2583"]
[TimeControl "180+2"]
[EndTime "12:18:41 PST"]
[Termination "IMRosen won by resignation"]

1. d4 Nf6 2. Nf3 d5 3. Bf4 c5 4. e3 Nc6 5. Nbd2 Qb6 6. dxc5 Qxb2 7. Rb1 Qxa2 8. Bb5 Bd7 9. O-O e6 10. Nb3 Ne4 11. Ra1 Qb2 12. Bxc6 Bxc6 13. Be5 d4 14. Bxd4 Nc3 15. Qd2 Bxf3 16. Bxc3 Qxa1 17. Rxa1 Bd5 18. Rd1 f6 19. e4 Bc6 20. Na5 Be7 21. Nxc6 bxc6 22.
e5 Kf7 23. exf6 gxf6 24. Qe2 h5 25. Re1 e5 26. Bxe5 fxe5 27. Qxe5 Rae8 28. Qe6+ Kg7 29. Qxc6 Kf7 30. Qd5+ Kg7 31. g3 h4 32. Kg2 h3+ 33.
Kg1 Rhf8 34. Kf1 Rf7 35. Qd4+ Kh7 36. f4 Rd8 37. Qe4+ Kg7 38. Qe6 Rd2 39. Qg4+ Kf8 40. Qxh3 Bf6 41. Re2 Rd1+ 42. Kg2 Bd4 43. Qh6+ Bg7 44.
Qh5 Bd4 45. Re8+ Kxe8 46. Qxd1 1-0

[Event "*** Titled Tuesday 3|2 Blitz"]
[Site "Chess.com"]
[Date "2016.02.02"]
[Round "6"]
[White "kleinebeer98"]
[Black "stepanosinovsky"]
[Result "1-0"]
[WhiteElo "2454"]
[BlackElo "2266"]
[TimeControl "180+2"]
[EndTime "12:18:42 PST"]
[Termination "kleinebeer98 won by checkmate"]

1. e4 e5 2. Nf3 Nc6 3. d4 exd4 4. Nxd4 Bc5 5. Nb3 Bb6 6. Nc3 Nf6 7. Bd3 O-O 8. O-O h6 9. Kh1 d5 10. exd5 Ne5 11.
Be2 Nfg4 12. Bf4 Re8 13. Bg3 h5 14. h3 h4 15. Bxe5 Nxe5 16. Qd2 Bf5 17. Rad1 Qd7 18. Nd4 Bxh3 19. f4 Ng4 20. gxh3 Ne3 21. Bg4 Nxg4 22.
hxg4 Qxg4 23. Rg1 Qh5 24. Qg2 g6 25. f5 h3 26. Qg4 Qxg4 27. Rxg4 Kg7 28. fxg6 fxg6 29.
Rdg1 Kf7 30. Rf1+ Kg7 31. Ne6+ Kh7 32. Rf7+ Kg8 33. Rg7+ Kh8 34. Rh4# 1-0

[Event "*** Titled Tuesday 3|2 Blitz"]
[Site "Chess.com"]
[Date "2016.02.02"]
[Round "6"]
[White "gumersindo"]
[Black "Saitama_Hero"]
[Result "0-1"]
[WhiteElo "2238"]
[BlackElo "2098"]
[TimeControl "180+2"]
[EndTime "12:18:47 PST"]
[Termination "Saitama_Hero won by resignation"]

1. d4 Nf6 2. c4 g6 3. Nc3 d5 4. Bg5 Bg7 5. Bxf6 Bxf6 6. cxd5 c6 7. e4 cxd5 8. e5 Bg7 9. h3 Nc6 10. Nf3 O-O 11. Bb5 e6 12. O-O Na5 13. b4 a6 14. Bd3 Nc6 15. a3 b5 16. Rc1 Qb6 17. Ne2 f6 18. Qc2 Bd7 19. Bxg6 hxg6 20. Qxg6 Be8 21.
Qg4 Ne7 22. Nf4 Nf5 23. exf6 Rxf6 24. Rfe1 Nxd4 25. Nxd4 Qxd4 26. Rc7 Rxf4 27. Rxg7+ Qxg7 28. Qxf4 Bd7 29. Qd6 Rf8 30. Re3 Qa1+ 31. Kh2 Rf7 32. Rg3+ Kh7 33. Qb8 Qh8 34. Qa7 Qe5 35. Qa8 Rg7 36.
Qxa6 Rxg3 37. fxg3 d4 38. Qb7 Qd5 39. Qb8 d3 40. Qf4 d2 41. Qh4+ Kg6 42. Qg4+ Kf7 43. Qf4+ Ke7 44. Qh4+ Kd6 45. Qf4+ Kc6 0-1

[Event "*** Titled Tuesday 3|2 Blitz"]
[Site "Chess.com"]
[Date "2016.02.02"]
[Round "6"]
[White "Nutflush"]
[Black "LADIESGET2KNOWME"]
[Result "0-1"]
[WhiteElo "1897"]
[BlackElo "2316"]
[TimeControl "180+2"]
[EndTime "12:18:49 PST"]
[Termination "LADIESGET2KNOWME won by resignation"]

1. e4 e6 2. d4 d5 3. Nd2 Nf6 4. e5 Nfd7 5. c3 c5 6. Bd3 Nc6 7. Ndf3 cxd4 8. cxd4 f6 9. exf6 Nxf6 10. Nh3 Bd6 11. O-O O-O 12. Re1 Qc7 13. Nhg5 h6 14.
Nxe6 Bxe6 15. Rxe6 Rae8 16. Rxe8 Rxe8 17. Be3 Ng4 18.
Qd2 Bxh2+ 19. Kf1 Bd6 20. Re1 Rf8 21. Kg1 Bb4 22. Qe2 Bxe1 23. Qxe1 Re8 24. Qc1 Nxe3 25. fxe3 Qg3 26. Bb5 Re6 27. Qc5 Qd6 28. Qc3 Rg6 29.
Bd3 Rf6 30. Bc2 Qg3 31. Ne5 Rf2 32. Be4 dxe4 33. Qb3+ Kh7 0-1

[Event "*** Titled Tuesday 3|2 Blitz"]
[Site "Chess.com"]
[Date "2016.02.02"]
[Round "6"]
[White "GMHess"]
[Black "ZEN-22"]
[Result "0-1"]
[WhiteElo "2462"]
[BlackElo "2362"]
[TimeControl "180+2"]
[EndTime "12:18:51 PST"]
[Termination "ZEN-22 won by resignation"]

1. b3 e5 2. Bb2 d6 3. e3 g6 4. d4 Bg7 5. dxe5 Nc6 6. Bb5 Bd7 7. Bxc6 Bxc6 8. Nf3 Nh6 9. Nbd2 dxe5 10. Nc4 f6 11. Qe2 O-O 12. Na5 Qd5 13. Nxc6 Qxc6 14. O-O-O a5 15. a4 Rfd8 16. h4 Nf7 17. h5 g5 18.
e4 Nd6 19. Nd2 Bf8 20. g3 Re8 21. f4 exf4 22. gxf4 Nxe4 23. fxg5 fxg5 24. Nxe4 Qxe4 25.
Qb5 h6 26. Rhe1 Qxe1 27. Rxe1 Rxe1+ 28. Kd2 Rae8 29. Qd5+ R1e6 30. Bc3 b6 31. Kc1 Bg7 32.
Be1 Re7 33. Bg3 Kh8 34. Bxc7 Re1+ 35. Kd2 R7e2+ 36. Kd3 Rd1+ 37. Kxe2 Rxd5 38. Bxb6 g4 39. c4 Rxh5 40. c5 Bd4 41. Kd3 Bxc5 0-1

[Event "*** Titled Tuesday 3|2 Blitz"]
[Site "Chess.com"]
[Date "2016.02.02"]
[Round "6"]
[White "ChadaevNikolay"]
[Black "KyronGriffith"]
[Result "1-0"]
[WhiteElo "2515"]
[BlackElo "2259"]
[TimeControl "180+2"]
[EndTime "12:19:00 PST"]
[Termination "ChadaevNikolay won by resignation"]

1. e4 c5 2. Nc3 Nc6 3. Bb5 Nd4 4.
Nf3 g6 5. Bc4 Bg7 6. Nxd4 cxd4 7. Qf3 Nh6 8. d3 O-O 9. Ne2 d6 10. h3 Be6 11. b3 Qb6 12. O-O Rac8 13. Bg5 Bxc4 14. bxc4 f6 15. Rfb1 Qc7 16. Bxh6 Bxh6 17. Nxd4 Qd7 18. Qg4 Qxg4 19. hxg4 b6 20. a4 Bg7 21.
Ne6 Rfe8 22. a5 bxa5 23. Rxa5 Kf7 24. Nxg7 Kxg7 25. Rxa7 Kf7 26. Rb6 Ke6 27. f4 f5 28.
gxf5+ gxf5 29. e5 h5 30. exd6 exd6 31. Rh7 Rh8 32. Rxh8 Rxh8 33. c5 Kd5 34. cxd6 Rc8 35. d7 Rd8 36. Rb7 Kc6 37. Ra7 Kb6 38. Ra1 Rxd7 39.
Re1 Rf7 40. Re5 Kc6 41. Kf2 Kd6 42. Kf3 h4 43. c4 Kc6 44. d4 Kd6 45. c5+ Kc6 46.
Kf2 Kb5 47. Re6 Kc4 48. Rd6 Ra7 49. c6 Kd3 50. d5 Ke4 51. Rd7 Ra2+ 52. Ke1 Rxg2 53.
c7 Rc2 54. d6 h3 55. Rh7 Kxf4 56. Rxh3 Kg4 57. Rd3 f4 58. d7 f3 59. d8=Q 1-0

[Event "*** Titled Tuesday 3|2 Blitz"]
[Site "Chess.com"]
[Date "2016.02.02"]
[Round "6"]
[White "APL2001"]
[Black "StellarChessPro"]
[Result "1-0"]
[WhiteElo "2155"]
[BlackElo "2214"]
[TimeControl "180+2"]
[EndTime "12:19:00 PST"]
[Termination "APL2001 won by resignation"]

1. e4 c5 2. Nf3 Nc6 3. d4 cxd4 4.
Nxd4 d6 5. c4 Nf6 6. Nc3 g6 7.
Be2 Bg7 8. Be3 Bd7 9. O-O Rc8 10. Rc1 O-O 11. b3 a6 12. Qd2 Nxd4 13. Bxd4 Qa5 14. Rfd1 b5 15. Nd5 Qd8 16. cxb5 Rxc1 17. Rxc1 Bxb5 18.
Bxf6 Bxf6 19. Nxf6+ exf6 20. Bc4 Re8 21. f3 Qb6+ 22.
Kh1 Kg7 23. Qd5 Bxc4 24. Qxc4 Re5 25. Rd1 Qf2 26. Qd4 Qxa2 27. b4 Re6 28. h3 Qb3 29. Ra1 Qc2 30. Rxa6 Qc1+ 31. Qg1 Qf4 32. b5 f5 33.
Qa1+ Kh6 34. exf5 gxf5 35. Rc6 Qg3 36. Rc1 d5 37. Rb1 d4 38. Qxd4 Kg6 39. b6 f4 40.
Qg1 Re8 41. b7 Rb8 42. Qa7 Re8 43. b8=Q Re1+ 44. Rxe1 Qxe1+ 45. Qg1 Qg3 46. Qd6+ Kh5 47. Qgc5+ f5 1-0

[Event "*** Titled Tuesday 3|2 Blitz"]
[Site "Chess.com"]
[Date "2016.02.02"]
[Round "6"]
[White "tac49"]
[Black "JusticeBot"]
[Result "1-0"]
[WhiteElo "2469"]
[BlackElo "2426"]
[TimeControl "180+2"]
[EndTime "12:19:05 PST"]
[Termination "tac49 won by resignation"]

1. e4 e5 2. Nf3 Nc6 3. Bb5 a6 4. Ba4 Nf6 5. O-O b5 6. Bb3 Bb7 7. Nc3 Bc5 8. Nxe5 Nxe5 9. d4 Bxd4 10. Qxd4 d6 11. f4 Nc6 12. Qd3 O-O 13. Bd2 Re8 14. Rae1 Na5 15. f5 c5 16. Bd5 Qb6 17. Bxb7 c4+ 18.
Qe3 Qxb7 19. Qg3 Kh8 20. Bg5 Nxe4 21. Nxe4 Rxe4 22. f6 g6 23. Qxd6 Rae8 24. Rxe4 Qxe4 25. Qxa6 Nc6 26. Qb7 Qd4+ 27. Kh1 Qf2 28. Rg1 Ne5 29. Qxb5 Rd8 30. Qxe5 Qxc2 31. h3 h5 32. Qe7 Qf5 33. Qxd8+ 1-0

[Event "*** Titled Tuesday 3|2 Blitz"]
[Site "Chess.com"]
[Date "2016.02.02"]
[Round "6"]
[White "Jahonas"]
[Black "MasterLeif"]
[Result "1-0"]
[WhiteElo "2180"]
[BlackElo "2321"]
[TimeControl "180+2"]
[EndTime "12:19:29 PST"]
[Termination "Jahonas won by resignation"]

1. d4 d5 2. Nf3 Nf6 3. c3 c6 4. Bf4 Bf5 5. e3 e6 6. Bd3 Bxd3 7. Qxd3 Bd6 8. Nbd2 Bxf4 9. exf4 Nbd7 10. O-O O-O 11.
Ne5 a6 12. Rae1 c5 13. Ndf3 cxd4 14. cxd4 g6 15. Ng5 Nxe5 16. fxe5 Nd7 17. f4 h6 18. Nxe6 fxe6 19. Qxg6+ Kh8 20. Qxh6+ Kg8 21. Qg6+ Kh8 22.
Qh6+ Kg8 23. Qg6+ Kh8 24. Rf3 Qh4 25. Ree3 Rg8 26. Qxe6 Rac8 27. Rf1 Rc2 28. Qxd5 Nb6 29. Qe4 Rxb2 30. Re2 Rb4 31. Qxb7 Rxd4 32. Qxb6 Rxf4 33. Rxf4 Qxf4 34. Qe3 Qh4 35. e6 Rc8 36. Qe5+ Kh7 37. Qe4+ Qxe4 38. Rxe4 Re8 39. Kf2 Kg6 40. Kf3 Kf5 41.
g4+ Kf6 42. Kf4 Ke7 43. h4 Rf8+ 44. Kg5 Rf2 45. h5 Rxa2 46. Kg6 a5 47. h6 a4 48. h7 Rh2 49. Rxa4 Kxe6 50. Re4+ Kd7 51. Kg7 Rh4 52. h8=Q 1-0

[Event "*** Titled Tuesday 3|2 Blitz"]
[Site "Chess.com"]
[Date "2016.02.02"]
[Round "6"]
[White "Spinaltap"]
[Black "jcgs1030"]
[Result "0-1"]
[WhiteElo "2374"]
[BlackElo "2230"]
[TimeControl "180+2"]
[EndTime "12:19:30 PST"]
[Termination "jcgs1030 won by resignation"]

1. d4 Nf6 2. c4 g6 3. Nf3 Bg7 4. g3 O-O 5. Bg2 c5 6. O-O cxd4 7. Nxd4 d6 8. Nc3 Nc6 9. e3 Bg4 10. Qd2 Ne5 11. b3 Rb8 12. h3 Bd7 13. Bb2 a6 14. a4 Qc8 15. Kh2 Rd8 16. Rfc1 Nc6 17. a5 e5 18. Nde2 Be6 19. Nd5 Qd7 20. Nec3 Ne7 21. Nxf6+ Bxf6 22. Ne4 Bg7 23. Rd1 d5 24. Nc5 Qd6 25.
Nxe6 fxe6 26. Ba3 Qd7 27. Bxe7 Qxe7 28. cxd5 exd5 29. Bxd5+ Kh8 30. Qc2 Rbc8 31. Qe4 Rc7 32. Kg2 Rcd7 33. Qf3 e4 34. Bxe4 Bxa1 35. Rxa1 Rd2 36.
Qg4 Re8 37. Ra4 Qf7 38. Bf3 Qxb3 39. Re4 Rf8 40. Rf4 Rfd8 41. Qg5 Qb2 42. Be4 Qg7 43. h4 h6 44. Qxg6 Qxg6 45. Bxg6 R2d5 46.
Rf7 R8d7 47. Rxd7 Rxd7 48. Be4 Re7 49. Kf3 Re5 50. Bxb7 Rxa5 51. g4 Kg7 52. Kf4 Ra2 53.
f3 a5 54. Bd5 Rb2 55. g5 a4 56. Ke5 a3 57. f4 Rb5 58. f5 hxg5 59. hxg5 a2 60.
f6+ Kg6 61. f7 Kg7 62. Ke6 a1=Q 0-1

[Event "*** Titled Tuesday 3|2 Blitz"]
[Site "Chess.com"]
[Date "2016.02.02"]
[Round "6"]
[White "GianmarcoVaR"]
[Black "attack2mateU"]
[Result "0-1"]
[WhiteElo "2229"]
[BlackElo "2472"]
[TimeControl "180+2"]
[EndTime "12:19:42 PST"]
[Termination "attack2mateU won by resignation"]

1. d4 Nf6 2. c4 g6 3. g3 Bg7 4. Bg2 O-O 5. Nc3 d6 6. Nf3 Nc6 7. O-O a6 8. Qc2 Bf5 9. e4 Bg4 10. Be3 e5 11. d5 Bxf3 12. Bxf3 Nd4 13. Qd1 Nd7 14. h4 c5 15. dxc6 bxc6 16. h5 Nc5 17. Kg2 a5 18. Rh1 a4 19. Qd2 Qf6 20. Bg4 Qe7 21. hxg6 hxg6 22. Rh2 f5 23. Bg5 Qe6 24.
exf5 gxf5 25. Bh5 Ne4 26. Nxe4 fxe4 27. Rah1 Nf3 28. Qe3 Nxh2 29. Rxh2 d5 30. Qe2 Rab8 31. Bg4 Qg6 32. Be7 Rfe8 33. Bh5 Qf5 34. Bxe8 Rxe8 35. Bc5 d4 36. Rh4 e3 37. fxe3 d3 38. Qf3 Qxf3+ 39. Kxf3 e4+ 40. Kf2 Bxb2 41. Bd4 Bxd4 42. exd4 e3+ 43.
Ke1 Rb8 44. Rg4+ Kf7 45. Rf4+ Kg6 0-1

[Event "*** Titled Tuesday 3|2 Blitz"]
[Site "Chess.com"]
[Date "2016.02.02"]
[Round "6"]
[White "Hikaru"]
[Black "MITerryble"]
[Result "0-1"]
[WhiteElo "2850"]
[BlackElo "2640"]
[TimeControl "180+2"]
[EndTime "12:19:44 PST"]
[Termination "MITerryble won on time"]

1. g3 g6 2. Bg2 Bg7 3. e4 e5 4. Ne2 Nc6 5. c4 d6 6. Nbc3 Nge7 7. d3 O-O 8. O-O f5 9. Nd5 Be6 10. Bg5 h6 11. exf5 Bxf5 12. Be3 Qd7 13. Nec3 Nxd5 14.
Nxd5 Nd4 15. Bxd4 exd4 16. Re1 Rae8 17. Qb3 c6 18. Nf4 Qf7 19. Be4 g5 20. Ng2 Bxe4 21. dxe4 Qxf2+ 22. Kh1 Rxe4 23. Rg1 Re7 24. Qd3 Qf5 25.
Qb3 Qf3 26. Qa4 d3 27. Qxa7 c5 28. Qb6 Be5 29. Rad1 h5 30. Qb3 h4 31. Rxd3 Qe4 32.
Re3 Qc6 33. gxh4 gxh4 34. Qd3 Rg7 35. Re4 Rf2 36. Qe3 Rf6 37. h3 Rfg6 38. Qf3 Rg3 39.
Qf5 Qxe4 0-1

[Event "*** Titled Tuesday 3|2 Blitz"]
[Site "Chess.com"]
[Date "2016.02.02"]
[Round "6"]
[White "DanielRensch"]
[Black "alturas_pacificas"]
[Result "1-0"]
[WhiteElo "2337"]
[BlackElo "2025"]
[TimeControl "180+2"]
[EndTime "12:19:50 PST"]
[Termination "DanielRensch won by resignation"]

1. e4 e5 2. Nf3 Nf6 3. Nxe5 d6 4. Nxf7 Kxf7 5. d4 Be7 6. Bc4+ Be6 7. Bxe6+ Kxe6 8. O-O Kf7 9. f4 Rf8 10. e5 Ne8 11.
Nc3 Kg8 12. Nd5 c6 13. Ne3 dxe5 14. fxe5 Nd7 15. c3 Nc7 16. Nf5 c5 17. Qg4 g6 18.
Bh6 Re8 19. Ng7 Bf8 20. Nxe8 Qxe8 21. Bxf8 Nxf8 22. Rad1 cxd4 23. cxd4 Nd5 24. Rd3 Rd8 25. h4 Qd7 26. Qg3 Nb4 27. Rd2 Nxa2 28. h5 Nb4 29.
hxg6 hxg6 30. Rf6 Nd5 31. Rd6 Qe7 32. Rf2 Rxd6 33. exd6 Qe3 34. Qe5 Qc1+ 35. Kh2 Qh6+ 36. Kg1 Qc1+ 37. Rf1 Qe3+ 38. Kh2 Qh6+ 39. Kg1 Qe3+ 40.
Rf2 Qc1+ 41. Kh2 Qh6+ 42. Kg3 Qe3+ 43. Rf3 Qe1+ 44. Qxe1 1-0

[Event "*** Titled Tuesday 3|2 Blitz"]
[Site "Chess.com"]
[Date "2016.02.02"]
[Round "6"]
[White "Dlugy"]
[Black "igorkovalenko"]
[Result "0-1"]
[WhiteElo "2567"]
[BlackElo "2560"]
[TimeControl "180+2"]
[EndTime "12:19:56 PST"]
[Termination "igorkovalenko won by resignation"]

1. d4 Nf6 2. Bf4 e6 3. e3 c5 4.
c3 Nc6 5. Nd2 d5 6. Ngf3 Bd6 7.
Bg3 O-O 8. Bb5 Ne7 9. Bd3 Qc7 10. O-O Bxg3 11. hxg3 Rb8 12. Qe2 b5 13. e4 cxd4 14.
Nxd4 dxe4 15. Nxe4 Nxe4 16. Qxe4 g6 17. Nxb5 Qc5 18.
b4 Qb6 19. Qd4 Rd8 20. Qxb6 Rxb6 21. Bc4 Ba6 22. a4 Rc8 23. Be2 Bxb5 24. axb5 Rxc3 25.
Rxa7 Nd5 26. Rb1 h5 27. Ra6 Rb8 28. Rc6 Ra3 29. Bc4 Nc3 30. Rc1 Nxb5 31. Bxb5 Rxb5 32. Rb1 Ra4 33. Rc4 Kg7 34. g4 hxg4 35. Rxg4 f5 36.
Rc4 Kf6 37. g3 g5 38. Kg2 g4 39. Rb2 Ke5 40. Rb3 Kd5 41. Rf4 Ke5 42. Re3+ Kf6 43.
Rb3 Ra2 44. Rc4 e5 45. Rc6+ Kg5 46. Rc5 Rxc5 47. bxc5 Rc2 48. Rb5 f4 49. gxf4+ exf4 50. Rb8 g3 51. Kf3 Rxf2+ 52. Ke4 Re2+ 53. Kd3 Re1 54. Kd2 Re5 55. c6 Rc5 56. Rc8 Kg4 57. c7 Kf3 0-1

[Event "*** Titled Tuesday 3|2 Blitz"]
[Site "Chess.com"]
[Date "2016.02.02"]
[Round "6"]
[White "ftorodent"]
[Black "kpio91"]
[Result "0-1"]
[WhiteElo "2340"]
[BlackElo "2511"]
[TimeControl "180+2"]
[EndTime "12:19:58 PST"]
[Termination "kpio91 won by resignation"]

1. d4 d5 2. c4 dxc4 3. Nf3 a6 4.
e3 b5 5. a4 Bb7 6. b3 bxa4 7.
bxc4 e6 8. Qxa4+ Nd7 9. c5 Bxf3 10. gxf3 Nf6 11. Bb5 Be7 12. Bc6 Rb8 13. Nc3 O-O 14.
f4 a5 15. Qxa5 Ng4 16. Bf3 Ndf6 17. Ba3 Nh6 18. O-O Nd5 19. Nxd5 exd5 20. c6 Bxa3 21.
Rxa3 Qd6 22. Rc3 Rfd8 23. Kh1 Nf5 24. Rc5 Ne7 25. Qa2 Rb6 26. Rfc1 Qe6 27. Qa7 Rc8 28.
Qa2 Rd8 29. Rg1 Qh3 30. Bg2 Qe6 31. Bf3 Qh3 32. Qe2 Rxc6 33. Rxc6 Nxc6 34. Rc1 Ne7 35. Rxc7 Ng6 36. Bg4 Qh4 37. Qf3 Qf6 38. Rc5 Nh4 39. Qd1 Qg6 40. Bf3 h6 41. h3 Rb8 42. Rc2 Nxf3 43.
Qxf3 Rb1+ 0-1

[Event "*** Titled Tuesday 3|2 Blitz"]
[Site "Chess.com"]
[Date "2016.02.02"]
[Round "6"]
[White "spectralsoul"]
[Black "Iball95"]
[Result "1-0"]
[WhiteElo "2557"]
[BlackElo "2393"]
[TimeControl "180+2"]
[EndTime "12:20:13 PST"]
[Termination "spectralsoul won on time"]

1. Nf3 Nf6 2. c4 c5 3. d4 cxd4 4. Nxd4 Nc6 5. Nc3 g6 6. e4 d6 7. Nc2 Bg7 8. Be2 O-O 9. O-O Nd7 10. Be3 Nc5 11. f3 a5 12. Qd2 a4 13. Rad1 f5 14. exf5 Bxf5 15. Nd4 Bd7 16. Rfe1 Qa5 17. Bf1 Rf7 18.
Qc2 Nxd4 19. Bxd4 Bxd4+ 20. Rxd4 Bc6 21. h4 Nd7 22. Qd2 Ne5 23. f4 Ng4 24. Be2 Nh6 25.
Rd3 Nf5 26. h5 Qc5+ 27. Kh2 gxh5 28. Bxh5 Rg7 29. Bf3 Bxf3 30. Rxf3 Nh4 31. Rg3 Rxg3 32. Kxg3 Nf5+ 33. Kh3 Qxc4 34. g4 Nd4 35. Rxe7 Qf1+ 36. Qg2 Qxf4 37. Qd5+ Kh8 38. Rf7 Qe3+ 39. Kh4 Rg8 40.
Ne4 Qe1+ 41. Kh3 Qe3+ 42. Ng3 Ne6 43. Kh2 Ng5 44. Rf5 Ne6 45. Qxd6 Qh6+ 46. Nh5 1-0

[Event "*** Titled Tuesday 3|2 Blitz"]
[Site "Chess.com"]
[Date "2016.02.02"]
[Round "6"]
[White "Makalexa"]
[Black "VMikhalevski"]
[Result "1-0"]
[WhiteElo "2103"]
[BlackElo "2430"]
[TimeControl "180+2"]
[EndTime "12:20:15 PST"]
[Termination "Makalexa won by resignation"]

1. e4 e5 2. Nf3 Nc6 3. Bb5 a6 4.
Ba4 Nf6 5. O-O Nxe4 6. d4 b5 7. Bb3 d5 8. dxe5 Be6 9. Nbd2 Nc5 10. c3 Be7 11. Bc2 Bg4 12. h3 Bh5 13. Re1 O-O 14. Nf1 d4 15. cxd4 Bxf3 16. Qxf3 Nxd4 17. Qd1 Nxc2 18.
Qxc2 Qd3 19. Qe2 Rad8 20. Be3 Na4 21. Rab1 Qxe2 22. Rxe2 c5 23. Rc2 Rd5 24. f4 g5 25.
b3 Nb6 26. Nd2 Rd3 27. Kf2 Nd5 28. Nf1 Nxe3 29. Nxe3 gxf4 30. Nf5 Bd8 31. Rxc5 Bb6 32. Ke2 Rfd8 33. Rc2 Re8 34. Kxd3 h5 35. Re1 Kh7 36. Nd6 Re7 37. Rc8 Ba5 38. Re4 Kg6 39. Rg8+ Kh7 40. Rf8 Kg7 41. Ra8 Rd7 42. Rxa6 Bd8 43. Rxf4 f6 44. Ke4 fxe5 45. Rf7+ Rxf7 46. Nxf7 Kxf7 47. Kxe5 h4 48. Kf5 b4 49. Ra7+ Ke8 50. Rb7 Ba5 51. Rb5 Bc7 52. Ke6 Bg3 53. Rxb4 Kd8 54. Rc4 Bf2 55. a4 Be1 56. b4 1-0

[Event "*** Titled Tuesday 3|2 Blitz"]
[Site "Chess.com"]
[Date "2016.02.02"]
[Round "6"]
[White "nonsopolo1"]
[Black "Winehouse83"]
[Result "1-0"]
[WhiteElo "2158"]
[BlackElo "2287"]
[TimeControl "180+2"]
[EndTime "12:20:16 PST"]
[Termination "nonsopolo1 won on time"]

1. e4 e5 2. Nf3 Nc6 3. Bb5 a6 4.
Ba4 Nf6 5. Qe2 b5 6. Bb3 Bb7 7. c3 Bc5 8. a4 O-O 9. O-O d6 10. d3 h6 11. axb5 axb5 12. Rxa8 Qxa8 13. Nh4 Bc8 14.
h3 Be6 15. Bxe6 fxe6 16. Be3 Bxe3 17. fxe3 Qe8 18. Na3 Ne7 19. Kh2 g5 20. Nf3 Ng6 21. Nd2 c6 22. d4 Nd7 23. b4 Rxf1 24. Qxf1 d5 25. exd5 exd5 26. Nb3 Qf7 27. Qd3 e4 28. Qe2 Nf6 29. Nc5 h5 30. Nc2 h4 31. Na1 Ne7 32. Nab3 Nf5 33. Na5 Ng3 34. Qe1 Qc7 35. Kg1 Qd6 36.
Qf2 Kg7 37. Nab7 Qe7 38. Nd8 Nd7 39. Nxc6 Nxc5 40. Nxe7 Nd3 41. Qa2 Nc1 42. Qxd5 Nce2+ 43. Kf2 Nxc3 44. Qxg5+ Kf7 45. Nf5 Nd1+ 46. Ke1 1-0

[Event "*** Titled Tuesday 3|2 Blitz"]
[Site "Chess.com"]
[Date "2016.02.02"]
[Round "6"]
[White "oggy1984"]
[Black "madalin18"]
[Result "1-0"]
[WhiteElo "2175"]
[BlackElo "2008"]
[TimeControl "180+2"]
[EndTime "12:20:21 PST"]
[Termination "oggy1984 won on time"]

1. c4 Nf6 2. Nc3 g6 3. d4 Bg7 4. e4 d6 5. Be2 O-O 6. Be3 Nbd7 7. Nf3 c6 8. O-O e5 9. d5 c5 10. a3 a6 11. b4 b6 12. bxc5 bxc5 13. Rb1 Ng4 14. Bg5 f6 15. Bh4 g5 16. Bg3 h5 17.
Nd2 Qa5 18. Qc2 Nh6 19. Bxh5 Nf7 20. f3 Bh6 21. Bg4 Kg7 22. Nd1 Nh8 23. Ne3 Qc7 24.
Be6 Ng6 25. Nf5+ Kh7 26. Rb3 Nf4 27. Rfb1 Ne2+ 28. Kf2 Nd4 29. Nxd4 cxd4 30. Bxd7 Qxd7 31. Rb6 Qc7 32. Rc6 Qd7 33. Rbb6 g4 34. Rxd6 Be3+ 35. Kf1 Qg7 36. c5 Qh6 37. Nc4 gxf3 38. Nxe3 Qxe3 39. Rxf6 fxg2+ 40. Kxg2 d3 41. Rh6+ Kg8 42. Rbg6+ Kf7 43. Qf2+ Qxf2+ 44. Kxf2 Rb8 45. Ke3 Rb3 46. Bxe5 Ke8 47.
Rh8 a5 48. c6 Ba6 49. d6 Rxh8 50. Bxh8 1-0

[Event "*** Titled Tuesday 3|2 Blitz"]
[Site "Chess.com"]
[Date "2016.02.02"]
[Round "6"]
[White "amaidel"]
[Black "Alexander_Donchenko"]
[Result "0-1"]
[WhiteElo "2410"]
[BlackElo "2531"]
[TimeControl "180+2"]
[EndTime "12:20:29 PST"]
[Termination "Alexander_Donchenko won by resignation"]

1. e4 c6 2. d4 d5 3. Nd2 dxe4 4. Nxe4 Bf5 5. Ng3 Bg6 6. N1e2 Nf6 7. Nf4 e5 8. dxe5 Qa5+ 9. Bd2 Qxe5+ 10. Be2 Nbd7 11.
O-O Bc5 12. Nxg6 hxg6 13. Bc3 Qc7 14. Bc4 O-O-O 15. Qf3 Ne5 16. Bxe5 Qxe5 17. Bxf7 Qxb2 18. Bxg6 Qe5 19. Bf5+ Kb8 20. Rab1 Ka8 21. Rfe1 Qc7 22. Re2 Rd4 23. h3 Rf4 24. Qb3 Rb4 25. Qxb4 Bxb4 26.
Rxb4 Rd8 27. Rb1 Qa5 28. c4 Re8 29. Reb2 Re1+ 30. Rxe1 Qxe1+ 31. Kh2 a6 32. Bc8 b5 33.
cxb5 axb5 34. Re2 Qa1 35. Be6 c5 36. Nf5 g6 37. Ne7 Qd1 38. Re5 Qd4 39. Nxg6 Qxf2 40.
Rf5 Qd4 41. h4 Ng4+ 42. Kg3 Ne3 43. Rf3 c4 44. h5 Qd6+ 45. Nf4 Qe5 46. h6 Qg5+ 47.
Kh2 Qxh6+ 48. Bh3 Qd6 49. Kg1 c3 50. Rxe3 Qxf4 51. Re7 c2 0-1

[Event "*** Titled Tuesday 3|2 Blitz"]
[Site "Chess.com"]
[Date "2016.02.02"]
[Round "6"]
[White "GeorgMeier"]
[Black "BahadirOzen"]
[Result "1-0"]
[WhiteElo "2682"]
[BlackElo "2516"]
[TimeControl "180+2"]
[EndTime "12:20:30 PST"]
[Termination "GeorgMeier won by resignation"]

1. Nf3 g6 2. d4 Bg7 3. g3 d6 4. Bg2 Nd7 5. O-O e5 6. dxe5 dxe5 7. e4 Ngf6 8. Nbd2 O-O 9. b3 Re8 10. Bb2 b6 11. Re1 Bb7 12. a4 a5 13. Qe2 Nc5 14.
Rad1 Nfd7 15. h4 Qe7 16. h5 Rad8 17. Qe3 Nf6 18. hxg6 hxg6 19. Ba3 Ng4 20. Qe2 Nf6 21. Bh3 Bh6 22. Qc4 Nfd7 23. Kg2 Qf6 24. Bb2 Ba6 25. Qc3 Bb7 26. Bg4 Nf8 27. Qc4 Ba6 28. Qc3 Bb7 29. Ba1 Bg7 30. Qe3 Re6 31. Bxe6 Qxe6 32.
Rh1 Nfd7 33. Ng5 Qf6 34. f3 Nf8 35. Bc3 Nfe6 36. Nxe6 Nxe6 37. Nc4 Nd4 38. Bxd4 exd4 39. Qf4 Qe7 40. Qh4 Bf6 41. Qh7+ Kf8 42. Qh6+ Bg7 43. Qf4 Ba6 44. Rhe1 Kg8 45. e5 c5 46. e6 fxe6 47. Qg4 e5 48. Qxg6 Bb7 49. Nd2 Rf8 50. Ne4 Qf7 51. Qxf7+ Kxf7 52. Nd6+ Ke6 53. Nxb7 Rf7 54.
Nd8+ 1-0